 Dungeon Crawl Stone Soup version 0.14.0-9-g9c5475a (webtiles) character file.

195514 Qrupt the Pulveriser (level 18, -4/146 HPs)
             Began as a Human Gladiator on Apr 13, 2014.
             Was the Champion of Fedhas.
             Killed from afar by Ilsuiw (28 damage)
             ... with a shard of ice
             ... on Level 5 of the Shoals.
             The game lasted 04:56:20 (75836 turns).

Qrupt the Pulveriser (Human Gladiator)             Turns: 75836, Time: 04:56:21

HP  -4/146       AC 36     Str 22      XL: 18   Next: 91%
MP  26/28        EV  9     Int  9      God: Fedhas [******]
Gold 3078        SH  0     Dex 19      Spells:  0 memorised, 17 levels left

rFire  . . .     SeeInvis .     a - +2 quarterstaff (flame)
rCold  . . .     Clarity  .     S - +9 plate armour of the Elephant {Stlth--}
rNeg   . . .     Conserve .     (no shield)
rPois  .         rCorr    .     c - +1 helmet
rElec  .         rRot     .     (no cloak)
SustAb . .       Spirit   .     Y - +1 pair of gloves (curse)
rMut   .         Warding  .     q - +0 pair of boots
Saprov . . .     Stasis   .     T - amulet of rage
MR     +....                    r - +4 ring of dexterity
                                M - +4 ring of protection

@: mesmerised, exhausted, lethally poisoned, slowed, drained, very slow,
somewhat resistant to hostile enchantments, extremely unstealthy
A: breathe flames 1
a: Evolution, Sunlight, Growth, Reproduction, Rain, Renounce Religion, Breathe
Fire, Evoke Berserk Rage
}: 1/15 runes: barnacled


You were on level 5 of the Shoals.
You worshipped Fedhas.
Fedhas was exalted by your worship.
You were near starving.

You visited 7 branches of the dungeon, and saw 38 of its levels.

You collected 3134 gold pieces.
You spent 56 gold pieces at shops.

Inventory:

Hand weapons
 a - a +2,+2 quarterstaff of flaming (weapon)
 H - a +2,+1 spear of distortion
Missiles
 F - 4 throwing nets (quivered)
Armour
 c - a +1 helmet (worn)
 q - a +0 pair of boots (worn)
 I - a +1 plate armour of fire resistance
 Q - a +1 ring mail of cold resistance
 R - a -3 ring mail of poison resistance
 S - the +9 plate armour of the Elephant (worn) {Stlth--}
   (You found it on level 13 of the Dungeon)

   It makes you much less stealthy.
 Y - a cursed +1 pair of gloves (worn)
Magical devices
 b - a wand of polymorph (9)
 d - a wand of flame (7)
 e - a wand of frost (10)
 g - a wand of flame (7)
 p - a wand of magic darts (15)
 A - a wand of slowing (8)
 N - a wand of heal wounds (3)
 O - a wand of flame (16)
 X - a wand of confusion (19)
Comestibles
 i - 6 meat rations
 n - a bread ration
 E - a royal jelly
Scrolls
 h - 5 scrolls of identify
 l - a scroll of amnesia
 o - 4 scrolls of remove curse
 t - a scroll of fog
 V - a scroll of enchant weapon II
 W - a scroll of blinking
Jewellery
 m - an uncursed amulet of resist corrosion
 r - a +4 ring of dexterity (right hand)
 s - an uncursed amulet of conservation
 u - an uncursed ring of magical power
 x - an uncursed ring of ice
 y - an uncursed ring of wizardry
 G - an uncursed ring of teleport control
 K - an uncursed ring of flight
 L - an uncursed ring of magical power
 M - a +4 ring of protection (left hand)
 T - an amulet of rage (around neck)
Potions
 f - 2 potions of might
 j - 2 potions of curing
 v - 5 potions of restore abilities
 C - 4 potions of brilliance
 J - 3 potions of invisibility
 U - a potion of resistance
Books
 P - a book of Air

   Spells                             Type                      Level
   Shock                              Conjuration/Air              1
   Swiftness                          Charms/Air                   2
   Repel Missiles                     Charms/Air                   2
   Flight                             Charms/Air                   3
   Static Discharge                   Conjuration/Air              3
   Lightning Bolt                     Conjuration/Air              5
Magical staves
 k - an uncursed staff of poison
Miscellaneous
 w - a lamp of fire
 D - a phial of floods


   Skills:
 - Level 14.2(13.9) Fighting
 + Level 21.0(20.6) Staves
 - Level 2.0(1.8) Throwing
 - Level 14.3(14.0) Armour
 - Level 9.1(8.8) Dodging
 - Level 7.2(6.9) Invocations
 - Level 5.0(4.7) Evocations


You had 17 spell levels left.
You didn't know any spells.

Dungeon Overview and Level Annotations

Branches:
Dungeon (15/15) Temple (1/1) D:4 Orc (4/4) D:11 Elf (0/3) Orc:4 Lair (8/8) D:9 Shoals (5/5) Lair:6 Snake (4/5) Lair:3 Slime (0/6) Lair:7 Vaults (0/5) D:12 D:13 Depths (1/5) D:15

Altars:
Ashenzari
Cheibriados
Dithmenos
Elyvilon
Fedhas
Kikubaaqudgha
Makhleb
Nemelex Xobeh
Okawaru
Sif Muna
Trog
Vehumet
Xom
Yredelemnul
Zin
The Shining One
Beogh

Shops:
D:4 :   Orc:3 ?   Orc:4 !%(?   Snake:1 [

Portals:
Hell: Lair:8

Annotations:
Lair:8 Rupert
Shoals:5 Ilsuiw
Snake:4 Vashnia


Innate Abilities, Weirdness & Mutations

You can breathe flames.


Message History

* * * LOW HITPOINT WARNING * * *
Something freezes you.
* * * LOW HITPOINT WARNING * * *
The water elemental hits you. x2
The mermaid hits you but does no damage.
Your oklob plant spits acid at the merfolk javelineer.
The splash of acid misses the merfolk javelineer.
The water elemental hits you.
Evoke which item? (* to show all) (? for menu, Esc to quit)
Zapping:
N - a wand of heal wounds (4)
Press: ? - help, Shift-Dir - straight line, f - you You feel much better.
This wand has 3 charges left.
* * * LOW HITPOINT WARNING * * *
Your lungs strain for air!
You feel sick.
The merfolk javelineer throws a silver javelin.
You hear a splash.
You hear some strange, mumbled words.
The shard of ice hits you!
You die...
Fedhas appreciates your contribution to the ecosystem.

≈≈≈ ≈≈≈.≈..#.....#...#####
## ≈≈≈≈≈≈.?#.....#...#..##
≈≈≈≈≈≈≈..##...##........
≈≈≈≈≈≈≈≈≈..##'##...≈≈≈≈)≈
≈≈≈≈≈≈≈≈≈≈.........≈≈≈≈≈≈≈
≈≈≈≈≈≈≈≈≈≈≈...f...≈≈≈≈≈≈≈≈≈
≈≈≈≈≈≈≈≈≈≈.......≈≈≈≈≈≈≈≈≈≈
≈≈≈≈≈≈≈≈≈{.......≈≈≈≈≈≈≈≈≈≈
..P≈P≈≈≈fmE@.......≈≈≈≈≈≈≈≈≈
.≈≈≈≈≈≈≈≈≈EE≈≈≈....≈≈≈≈≈≈≈≈≈
≈P≈≈≈≈≈≈m≈.≈≈≈≈≈...≈≈≈≈≈≈≈≈≈
≈≈≈≈≈≈≈≈)≈.≈≈.≈≈.#.)≈≈≈≈≈≈≈≈
≈####≈≈≈≈.≈≈≈≈).###≈m≈≈≈≈..
#≈≈≈≈#≈≈..≈≈≈..##(EE≈≈≈≈##
≈≈≈≈#≈#≈≈......##P≈≈)≈≈.##
≈#≈≈≈#≈≈≈≈.......Emm######
≈#≈≈.≈#≈≈......≈≈≈.# #..


You could see a merfolk javelineer, 3 water elementals, a mermaid and a friendly
oklob plant.

Vanquished Creatures
  A greater naga (Snake:3)
  Donald (D:13)
  Aizul (Snake:3)
  Azrael (Snake:3)
  A dire elephant (Lair:8)
  2 merfolk javelineers
  5 merfolk impalers
  2 sirens
  Josephine (Orc:3)
  The ghost of Elizilla the Hoplite, a powerful FoFi of Dithmenos (D:13)
  An ogre mage (D:15)
  Harold (D:12)
  6 hydras
  4 naga warriors
  A ravenous feature mimic (Snake:1)
  Erica (D:15)
  An alligator snapping turtle (Shoals:2)
  An ice dragon (D:15)
  7 anacondas
  2 merfolk aquamancers
  4 death yaks
  The ghost of Econoterrorist the Unseen, a powerful SpEn of Kikubaaqudgha (Lair:2)
  2 deep troll shamans (D:15)
  A tengu warrior (D:14)
  5 shock serpents
  4 naga sharpshooters
  7 centaur warriors
  2 orc knights (Orc:3)
  An iron troll (Orc:4)
  3 orc high priests (Orc:4)
  A fire crab (D:13)
  2 wizards
  A skeletal warrior (D:12)
  An unseen horror (D:11)
  2 deep trolls (D:15)
  3 naga ritualists
  7 harpies (Shoals:3)
  5 hill giants
  12 sea snakes
  A necromancer (D:15)
  A wolf spider zombie (D:15)
  A deep elf conjurer (D:15)
  5 griffons
  4 water nymphs
  3 orc sorcerers
  7 mana vipers
  4 fauns (Shoals:3)
  23 black mambas
  7 salamanders
  A sixfirhy (Lair:8)
  5 cyclopes
  5 elephants (Lair:6)
  A smoke demon (Lair:8)
  9 mermaids
  8 manticores
  3 gargoyles
  3 orange demons (Lair:8)
  2 kobold demonologists
  10 naga magi
  14 spiny frogs
  3 efreet
  A tengu conjurer (D:14)
  A feature mimic (Snake:3)
  A hellwing (Lair:8)
  A yaktaur (shapeshifter) (D:13)
  2 red devils (Lair:8)
  11 komodo dragons
  2 blue devils (Lair:8)
  3 two-headed ogres (D:15)
  8 trolls
  20 merfolk
  A centaur skeleton (D:14)
  3 fire drakes
  18 blink frogs
  A polar bear (Lair:6)
  5 slime creatures (D:13)
  4 ravens
  2 wind drakes
  4 brown oozes
  2 basilisks
  A wind drake (shapeshifter) (D:13)
  4 deep elf magi
  2 trapdoor spiders
  10 snapping turtles
  2 shadows
  11 ugly things
  9 sharks
  3 fire elementals (Snake:3)
  14 humans
  7 water elementals
  A steam dragon (D:11)
  6 vampire mosquitoes
  20 hippogriffs
  3 wyverns
  2 wraiths
  3 fire bats (Lair:3)
  A deep elf fighter (D:10)
  19 nagas
  56 yaks
  13 wolves
  A soldier ant (D:14)
  43 water moccasins
  5 wargs
  7 porcupines
  26 orc warriors
  2 necrophages
  8 hell hounds
  5 sky beasts
  3 black bears
  2 manticore zombies
  3 phantoms
  6 ice beasts
  13 ogres
  The ghost of BlackAndWhite the Poker, an average MfSk (D:3)
  19 crocodiles
  A yellow wasp (D:8)
  17 centaurs
  A manticore skeleton (D:14)
  A big kobold (D:13)
  14 giant slugs
  A boring beetle (Lair:8)
  2 cyclops zombies (D:15)
  19 giant frogs
  3 gnoll sergeants
  A giant slug zombie (D:15)
  3 brain worms
  A komodo dragon skeleton (D:15)
  A wyvern skeleton (D:13)
  7 scorpions
  A hippogriff zombie (D:7)
  16 wights
  7 killer bees
  A manticore simulacrum (D:14)
  2 eyes of draining (D:13)
  A yak skeleton (Orc:4)
  5 jellies
  A goliath beetle (D:8)
  2 electric eels
  11 iguanas
  3 crimson imps
  A quasit (D:6)
  32 orc wizards
  A basilisk skeleton (D:14)
  27 orc priests
  7 hounds
  10 worker ants
  A big fish (Lair:6)
  19 sheep
  A mottled dragon zombie (D:13)
  A hound skeleton (D:9)
  A mummy (D:11)
  31 adders
  10 gnolls
  26 green rats
  4 shadow imps
  2 giant mites
  An inept item mimic (D:6)
  7 worms
  An adder skeleton (D:9)
  2 giant eyeballs
  8 giant geckos
  183 orcs
  25 bats
  A bat skeleton (D:5)
  18 goblins
  21 hobgoblins
  43 jackals
  25 kobolds
  17 quokkas
  4 ball pythons
  5 giant cockroaches
  A giant gecko zombie (D:5)
  9 giant newts
  2 hobgoblin skeletons
  A jackal zombie (D:5)
  2 kobold zombies (D:6)
  3 orc skeletons
  2 orc zombies (Orc:3)
  16 rats
  6 rat skeletons (Orc:4)
  A ballistomycete (D:9)
  A butterfly (D:4)
  5 tentacles (Shoals:4)
  A tentacle segment (Shoals:4)
1353 creatures vanquished.

Vanquished Creatures (collateral kills)
  A kraken (Shoals:4)
  Polyphemus (Shoals:3)
  Wiglaf (Shoals:2)
  2 merfolk javelineers (Shoals:5)
  A merfolk impaler (Shoals:5)
  A siren (Shoals:4)
  2 merfolk aquamancers (Shoals:5)
  A death yak (Shoals:3)
  A wandering mushroom (Orc:4)
  A catoblepas (Shoals:3)
  5 sea snakes
  A harpy (Shoals:5)
  A water nymph (Shoals:3)
  2 orc knights (Orc:4)
  An orc sorcerer (Orc:4)
  A griffon (Shoals:4)
  3 manticores
  3 mermaids
  2 komodo dragons (Lair:8)
  7 merfolk
  A snapping turtle (Shoals:5)
  3 blink frogs (Lair:8)
  A shark (Shoals:5)
  2 humans (D:13)
  2 water elementals
  2 water moccasins (Lair:8)
  4 orc warriors (Orc:4)
  2 crocodiles (Lair:8)
  An orc wizard (Orc:4)
  An adder (Lair:8)
  8 orcs
  A goblin (Orc:4)
  A giant spore (D:9)
  A rat (Lair:6)
68 creatures vanquished.

Vanquished Creatures (others)
  14 oklob plants
  11 wandering mushrooms
  7 drowned souls
  A yellow wasp (D:14)
  A centaur (D:13)
  An orc priest (Orc:4)
  A mummy (D:10)
  2 orcs (Orc:4)
  A jackal (D:11)
  A kobold (D:13)
  3 giant spores
  2 rats
  A rat skeleton (Orc:4)
  25 fungi
  17 plants
  25 tentacles (Shoals:4)
  719 tentacle segments (Shoals:4)
  403 toadstools
1235 creatures vanquished.

Grand Total: 2656 creatures vanquished

Notes
Turn   | Place    | Note
--------------------------------------------------------------
     0 | D:1      | Qrupt, the Human Gladiator, began the quest for the Orb.
     0 | D:1      | Reached XP level 1. HP: 16/16 MP: 1/1
   240 | D:1      | Reached XP level 2. HP: 13/22 MP: 2/2
   653 | D:1      | Reached skill level 4 in Staves
   653 | D:1      | Reached XP level 3. HP: 27/27 MP: 3/3
  1280 | D:2      | Reached XP level 4. HP: 14/33 MP: 4/4
  1718 | D:2      | Reached skill level 5 in Staves
  1923 | D:3      | Noticed BlackAndWhite's ghost (average MfSk)
  2448 | D:3      | Killed BlackAndWhite's ghost
  2448 | D:3      | Reached skill level 6 in Staves
  2448 | D:3      | Reached XP level 5. HP: 8/38 MP: 5/5
  2795 | D:3      | Noticed a phantom
  2827 | D:3      | Killed a phantom
  2827 | D:3      | Reached XP level 6. HP: 28/44 MP: 6/6
  3283 | D:4      | Reached skill level 7 in Staves
  3356 | D:4      | Reached XP level 7. HP: 29/50 MP: 7/7
  3695 | D:4      | Reached skill level 8 in Staves
  3843 | D:4      | Paralysed by a giant eyeball for 4 turns
  3849 | D:4      | Paralysed by a giant eyeball for 4 turns
  3884 | D:4      | Found Strual's Book Shoppe.
  3928 | D:4      | Found a staircase to the Ecumenical Temple.
  4501 | D:5      | Entered Level 5 of the Dungeon
  4510 | D:5      | Reached XP level 8. HP: 56/56 MP: 8/8
  4603 | D:5      | Reached skill level 9 in Staves
  5506 | D:6      | Found an ancient bone altar of Kikubaaqudgha.
  5509 | D:6      | Found a sparkling altar of Nemelex Xobeh.
  5512 | D:6      | Found a bloodstained altar of Trog.
  6013 | D:6      | Reached skill level 5 in Fighting
  6234 | D:6      | HP: 4/96 [poisoned by a scorpion]
  6239 | D:6      | HP: 4/96 [poisoned by a scorpion]
  6246 | D:6      | HP: 4/96 [poisoned by a scorpion]
  6254 | D:6      | HP: 1/64 [poisoned by a scorpion]
  6555 | D:6      | Reached XP level 9. HP: 45/71 MP: 9/9
  8919 | D:7      | Reached skill level 10 in Staves
  9696 | D:8      | Paralysed by a yellow wasp for 3 turns
  9705 | D:8      | Reached skill level 1 in Armour
  9998 | D:8      | Reached XP level 10. HP: 82/82 MP: 10/10
 10987 | D:9      | HP: 4/82 [troll (11)]
 11450 | D:9      | HP: 2/82 [manticore zombie (5)]
 11914 | D:9      | Noticed a gargoyle
 11975 | D:9      | Killed a gargoyle
 11975 | D:9      | Reached skill level 5 in Dodging
 12280 | D:9      | Found a staircase to the Lair.
 12700 | D:9      | Reached skill level 5 in Armour
 13139 | D:10     | Entered Level 10 of the Dungeon
 13165 | Lair:1   | Entered Level 1 of the Lair of Beasts
 14812 | Lair:2   | Reached XP level 11. HP: 74/87 MP: 11/11
 15179 | Lair:2   | Noticed Econoterrorist's ghost (powerful SpEn)
 15182 | Lair:2   | Noticed a spiny frog
 15216 | Lair:2   | Killed a spiny frog
 15588 | Lair:2   | Killed Econoterrorist's ghost
 16619 | Lair:2   | Found a snail-covered altar of Cheibriados.
 17167 | Lair:2   | Noticed a seven-headed hydra
 18001 | Lair:2   | Reached skill level 11 in Staves
 18709 | Temple   | Entered the Ecumenical Temple
 18746 | Temple   | Became a worshipper of Fedhas Madash
 19082 | Lair:3   | Found a staircase to the Snake Pit.
 19482 | Lair:3   | HP: 4/87 [naga/dire flail (16)]
 19495 | Lair:3   | Reached XP level 12. HP: 39/94 MP: 12/12
 19880 | Lair:3   | Reached skill level 12 in Staves
 21271 | Lair:3   | Acquired Fedhas' first power
 21963 | Lair:3   | Reached skill level 13 in Staves
 24595 | Lair:4   | Reached skill level 14 in Staves
 25287 | Lair:5   | Acquired Fedhas' second power
 25952 | Lair:5   | Reached XP level 13. HP: 83/99 MP: 13/13
 26778 | Lair:5   | Reached skill level 15 in Staves
 27802 | Lair:6   | Acquired Fedhas' third power
 28081 | Lair:6   | Reached skill level 16 in Staves
 28750 | Lair:6   | Found a staircase to the Shoals.
 30554 | Lair:7   | Reached skill level 17 in Staves
 30557 | Lair:7   | Acquired Fedhas' fourth power
 31255 | Lair:7   | Reached XP level 14. HP: 106/106 MP: 14/14
 31612 | Lair:7   | HP: 2/106 [wyvern (6)]
 32000 | Lair:7   | Found a staircase to the Slime Pits.
 32557 | Lair:8   | Entered Level 8 of the Lair of Beasts
 32708 | Lair:8   | Noticed Rupert
 32708 | Lair:8   | Paralysed by Rupert for 5 turns
 32718 | Lair:8   | Paralysed by Rupert for 2 turns
 33435 | Lair:8   | Reached skill level 18 in Staves
 35468 | Lair:8   | Found a burning altar of Makhleb.
 35501 | Lair:8   | Reached skill level 1 in Evocations
 36273 | Lair:8   | Found a gateway to Hell.
 36700 | Lair:6   | Reached skill level 5 in Evocations
 37014 | Lair:4   | Reached skill level 1 in Invocations
 38111 | D:10     | Acquired Fedhas' fifth power
 38153 | D:10     | Noticed a four-headed hydra
 38166 | D:10     | Killed a four-headed hydra
 38417 | D:11     | Reached skill level 5 in Invocations
 38784 | D:11     | Reached XP level 15. HP: 82/112 MP: 22/23
 39817 | D:11     | Found a staircase to the Orcish Mines.
 39864 | Orc:1    | Entered Level 1 of the Orcish Mines
 40805 | Orc:1    | You fall through a shaft!
 40885 | Orc:3    | Found Niatahai's Magic Scroll Emporium.
 40921 | Orc:3    | Noticed Josephine
 40929 | Orc:3    | Killed Josephine
 41235 | Orc:3    | Found a roughly hewn altar of Beogh.
 42076 | Orc:4    | Entered Level 4 of the Orcish Mines
 42076 | Orc:4    | Found a staircase to the Elven Halls.
 42076 | Orc:4    | Found a roughly hewn altar of Beogh.
 45120 | Orc:4    | Paralysed by an orc sorcerer for 5 turns
 45424 | Orc:4    | Found Secoitia's Distillery.
 45442 | Orc:4    | Found Wevvepp's Magic Scroll Emporium.
 45480 | Orc:4    | Found Guusm's Food Boutique.
 45480 | Orc:4    | Found Sigoula's Antique Weapon Emporium.
 45491 | Orc:4    | Bought a scroll of enchant weapon I for 56 gold pieces
 45503 | Orc:4    | Upgraded the game from 0.14.0-7-g2801ba0 to 0.14.0-9-g9c5475a
 45880 | D:12     | Noticed Harold
 45898 | D:12     | Killed Harold
 46729 | D:13     | Noticed Elizilla's ghost (powerful FoFi)
 46786 | D:13     | Killed Elizilla's ghost
 46786 | D:13     | Reached skill level 10 in Fighting
 47117 | D:13     | Reached skill level 10 in Armour
 47249 | D:13     | Noticed Donald
 47614 | D:13     | Found a gate to the Vaults.
 48697 | D:13     | Reached XP level 16. HP: 55/124 MP: 26/26
 49346 | D:14     | HP: 2/125 [orc priest/divine providence (14)]
 49848 | D:13     | Killed Donald
 50698 | D:13     | Got a brightly glowing plate armour
 50720 | D:13     | Identified the +9 plate armour of the Elephant {Stlth--} (You found it on level 13 of the Dungeon)
 52243 | D:15     | Entered Level 15 of the Dungeon
 52675 | D:15     | Noticed Erica
 52989 | D:15     | Killed Erica
 53469 | D:15     | Found a staircase to the Depths.
 53876 | Depths:1 | Entered Level 1 of the Depths
 54848 | D:11     | Paralysed by a giant eyeball for 3 turns
 54977 | Snake:1  | Entered Level 1 of the Snake Pit
 55108 | Snake:1  | Found Caiveatt's Antique Armour Shoppe.
 57011 | Snake:1  | Reached XP level 17. HP: 81/135 MP: 27/27
 58785 | Snake:2  | Paralysed by a potion of paralysis for 7 turns
 58815 | Snake:2  | Identified the Tome of Arcane Weapons
 60423 | Snake:3  | Noticed Aizul
 60442 | Snake:3  | Killed Aizul
 60556 | Snake:3  | Found a bloodstained altar of Trog.
 61162 | Snake:3  | Noticed Azrael
 62459 | Snake:3  | Killed Azrael
 63145 | Snake:3  | HP: 4/139 [anaconda (11)]
 65477 | Snake:4  | Noticed Vashnia
 65923 | Shoals:1 | Entered Level 1 of the Shoals
 67082 | Shoals:1 | Reached skill level 19 in Staves
 67935 | Shoals:2 | Noticed Wiglaf
 67951 | Shoals:2 | Killed Wiglaf
 67951 | Shoals:2 | Reached XP level 18. HP: 146/146 MP: 23/28
 67965 | Shoals:2 | Got an encrusted shield
 68183 | Shoals:2 | Identified the +1 shield of Patience {Str+2 Dex+2} (You took it off Wiglaf on level 2 of the Shoals)
 70432 | Shoals:3 | Noticed Polyphemus
 70441 | Shoals:3 | Killed Polyphemus
 71552 | Shoals:3 | Reached skill level 20 in Staves
 72618 | Shoals:4 | Gained mutation: You can breathe flames. [potion of beneficial mutation]
 73450 | Shoals:5 | Entered Level 5 of the Shoals
 73709 | Shoals:5 | Got a barnacled rune of Zot
 73925 | Shoals:5 | Noticed Ilsuiw
 75822 | Shoals:5 | Reached skill level 21 in Staves
 75836 | Shoals:5 | Killed from afar by Ilsuiw

Action                   |  1- 3 |  4- 6 |  7- 9 | 10-12 | 13-15 | 16-18 || total
-------------------------+-------+-------+-------+-------+-------+-------++-------
Melee: Quarterstaff      |   105 |   149 |   535 |  1713 |  2840 |  2703 ||  8045
       Staff             |       |       |    12 |       |       |       ||    12
Throw: Throwing net      |       |     3 |       |       |       |       ||     3
Invok: Evolution         |       |       |       |       |    16 |    26 ||    42
       Growth            |       |       |       |       |       |     3 ||     3
       Rain              |       |       |       |       |       |     1 ||     1
 Abil: Evoke Berserk Rag |       |       |       |     1 |    10 |     9 ||    20
Evoke: Wand              |       |     1 |    18 |    40 |    16 |    22 ||    97
  Use: Scroll            |       |     5 |    11 |    10 |    19 |    12 ||    57
       Potion            |       |     1 |     7 |    10 |     5 |    16 ||    39
 Stab: Held in net/web   |       |     2 |       |       |       |       ||     2
       Invisible         |       |       |     2 |     2 |       |       ||     4
       Confused          |       |       |       |     1 |     1 |       ||     2
       Distracted        |       |       |       |       |     3 |     8 ||    11
